 Dungeon Crawl Stone Soup version 0.14.0-9-g9c5475a (console) character file.

2491 Saihtam the Sinner (level 9, -11/74 HPs)
             Began as a Deep Dwarf Healer on Apr 14, 2014.
             Was a Believer of Elyvilon (penitent).
             Shot with an arrow by a centaur (12 damage)
             ... on Level 8 of the Dungeon.
             The game lasted 01:20:16 (6446 turns).

Saihtam the Sinner (Deep Dwarf Healer)              Turns: 6446, Time: 01:20:16

HP -11/74        AC 11     Str 19      XL: 9   Next: 13%
MP  24/24        EV  9     Int 13      God: *Elyvilon
Gold 284         SH  0     Dex 12      Spells:  0 memorised,  8 levels left

rFire  . . .     SeeInvis .     s - +0 war axe
rCold  . . .     Clarity  .     k - +2 scale mail
rNeg   . . .     Conserve .     (no shield)
rPois  .         rCorr    .     (no helmet)
rElec  +         rRot     .     g - +0 cloak
SustAb . .       Spirit   .     (no gloves)
rMut   +         Warding  .     (no boots)
Saprov . . .     Stasis   .     y - amulet "Pekkatilan" {rMut +Inv rElec Dam+6}
MR     +....                    (no ring)
                                G - ring of magical power

@: non-regenerating, somewhat resistant to hostile enchantments, extremely
unstealthy
A: damage resistance, recharge devices, sense surroundings 2, slow healing 3
a: Device Recharging, Lesser Healing, Renounce Religion, Evoke Invisibility


You were on level 8 of the Dungeon.
You worshipped Elyvilon.
Elyvilon was demanding penance.
You were not hungry.

You visited 1 branch of the dungeon, and saw 8 of its levels.

You collected 477 gold pieces.
You spent 193 gold pieces at shops.

Inventory:

Hand weapons
 s - a +0,+0 war axe (weapon)
Armour
 a - a +1 robe
 g - a +0 cloak (worn)
 k - a +2 scale mail (worn)
Magical devices
 d - a wand of heal wounds (5)
 o - a wand of random effects (9) {unknown}
 B - a wand of enslavement (13) {unknown}
 D - a wand of polymorph (21) {unknown}
 E - a wand of slowing (22) {unknown}
 K - a wand of fireball (3) {unknown}
Comestibles
 f - a bread ration
 t - 3 meat rations
 u - 8 strawberries
 I - a choko
Scrolls
 e - 3 scrolls of immolation {unknown}
 h - 2 scrolls of fog
 i - 4 scrolls of remove curse
 j - a scroll of magic mapping {unknown}
 m - 3 scrolls of teleportation {unknown}
 n - a scroll of identify
 p - a scroll of random uselessness {unknown}
 q - 2 scrolls of enchant armour {unknown}
 r - 3 scrolls of amnesia
 x - a scroll of enchant weapon II {unknown}
 z - a scroll of recharging {unknown}
 A - a scroll of blinking {unknown}
 F - a scroll of enchant weapon III {unknown}
Jewellery
 l - an uncursed ring of protection from magic {unknown}
 y - the amulet "Pekkatilan" (around neck) {rMut +Inv rElec Dam+6}
   (You found it on level 4 of the Dungeon)

   [amulet of resist mutation]

   It affects your damage with ranged weapons and melee attacks (+6).
   It insulates you from electricity.
   It lets you turn invisible.
 G - a ring of magical power (left hand)
 H - a cursed ring of hunger {unknown}
Potions
 b - a potion of curing
 c - a potion of flight {unknown}
 w - a potion of might {unknown}


   Skills:
 * Level 2.9 Fighting
 * Level 6.4 Axes
   Level 1.2 Maces & Flails
 * Level 7.9 Armour
 - Level 2.7 Dodging
 + Level 9.0 Invocations
 + Level 1.9 Evocations


You had 8 spell levels left.
You didn't know any spells.

Dungeon Overview and Level Annotations

Branches:
Dungeon (8/15)             Temple (0/1) D:4
   Lair: D:8-11

Altars:
Ashenzari
Fedhas
Kikubaaqudgha
Makhleb
Xom
Yredelemnul
Zin

Shops:
D:4 %?=:}


Innate Abilities, Weirdness & Mutations

You are resistant to damage.
You can recharge devices by infusing magical energy.
You passively map the area around you.
You do not heal naturally.


Message History

The worker ant is heavily wounded.
The worker ant bites you.
* * * LOW HITPOINT WARNING * * *
You hit the worker ant.
The worker ant is almost dead.
The worker ant bites you but does no damage.
You slash the worker ant!
You kill the worker ant!
You see here a worker ant corpse.
You start butchering the worker ant corpse.
You continue butchering the corpse. x3
You finish butchering the worker ant corpse.
v - a chunk of worker ant flesh Eat a chunk of worker ant flesh? (ye/n/q/i?) This raw flesh tastes terrible.
You continue eating. x2
The centaur shouts!
The centaur wields a bow.
The centaur shoots an arrow.
The arrow misses you.
The centaur shoots an arrow.
The arrow hits you!
You die...

. #.# #........# #. #.#
#........# #. #.# #........#
#. #k# #........# #.* #.#
#........# #.######.#
#..####...
#...##.c)############..'..#...
#.!....................#..#...
#..###.###.............#..#..#
#..# #.# #.............####..#
#..###+# #.##@<..............#
#..###_+...##.......#####.[..#
#..###+###.##.......# #....#
#..# #.# #.##.......# #....#
#..###.###.##.......### #....#
#..........##.[.......# #....#
#....####.....#######.# ##...#
#[...# #####.# ≈ ≈.≈ #...#
#....# #.# ≈ ,.P%#.(.# #....#
#.# ,...#.... #....# #.###
,.P#....


You could see a centaur.

Vanquished Creatures
  A phantom (D:8)
  A centaur (D:5)
  A giant frog (D:6)
  3 scorpions
  8 killer bees
  4 crimson imps
  A centaur zombie (D:8)
  2 orc priests
  13 worker ants
  4 orc wizards
  2 gnolls (D:2)
  A gnoll zombie (D:8)
  A scorpion zombie (D:5)
  An inept item mimic (D:8)
  A shadow imp (D:6)
  2 adders
  3 giant mites (D:5)
  A steam dragon skeleton (D:7)
  3 worms
  An ufetubus (D:6)
  2 giant eyeballs
  A giant gecko (D:2)
  3 oozes
  10 orcs
  5 goblins
  5 hobgoblins
  4 jackals
  A kobold (D:4)
  8 bats
  10 giant cockroaches
  A giant gecko skeleton (D:5)
  2 giant newts (D:3)
  A kobold skeleton (D:5)
  A kobold zombie (D:6)
  11 rats
  3 ballistomycetes (D:8)
122 creatures vanquished.

Vanquished Creatures (others)
  Eustachio (D:6)
  A giant frog (D:8)
  An iron imp (D:6)
  A gnoll (D:3)
  An adder (D:5)
  A green rat (D:6)
  A giant gecko (D:8)
  3 orcs
  3 kobolds
  A quokka (D:6)
  5 bats
  2 giant spores
  3 goblins
  2 rats (D:6)
26 creatures vanquished.

Grand Total: 148 creatures vanquished

Notes
Turn   | Place    | Note
--------------------------------------------------------------
     0 | D:1      | Saihtam, the Deep Dwarf Healer, began the quest for the Orb.
     0 | D:1      | Reached XP level 1. HP: 16/16 MP: 2/2
   189 | D:1      | Reached skill level 4 in Invocations
   409 | D:1      | Reached XP level 2. HP: 24/24 MP: 4/4
   895 | D:2      | Reached XP level 3. HP: 13/30 MP: 3/6
   907 | D:2      | Found a blossoming altar of Fedhas.
   925 | D:2      | Reached skill level 1 in Fighting
  1434 | D:3      | Found a basalt altar of Yredelemnul.
  1461 | D:3      | Reached skill level 1 in Armour
  1500 | D:3      | Reached skill level 1 in Maces & Flails
  1500 | D:3      | Reached skill level 5 in Invocations
  1552 | D:3      | Found a glowing drain.
  1556 | D:3      | Reached XP level 4. HP: 34/38 MP: 8/8
  2406 | D:3      | Reached XP level 5. HP: 42/44 MP: 9/9
  2538 | D:4      | Found a staircase to the Ecumenical Temple.
  2592 | D:4      | Found Ilagilex's Food Boutique.
  2601 | D:4      | Bought 9 strawberries for 21 gold pieces
  2601 | D:4      | Bought a bread ration for 52 gold pieces
  2601 | D:4      | Bought a meat ration for 60 gold pieces
  2734 | D:4      | Found Miziz's Magic Scroll Shop.
  2780 | D:4      | Found an ancient bone altar of Kikubaaqudgha.
  2872 | D:4      | Reached skill level 1 in Axes
  2872 | D:4      | Reached XP level 6. HP: 27/52 MP: 6/11
  2976 | D:4      | Found Xugithenk's Book Boutique.
  2997 | D:4      | Found Ezxylus' Jewellery Shop.
  3000 | D:4      | Found Danoex's Gadget Shop.
  3078 | D:5      | Entered Level 5 of the Dungeon
  3180 | D:3      | Reached skill level 6 in Invocations
  3180 | D:3      | Reached skill level 1 in Evocations
  3310 | D:4      | Paralysed by a giant eyeball for 4 turns
  3388 | D:4      | Got a wavering jade amulet
  3608 | D:5      | Paralysed by a giant eyeball for 3 turns
  3616 | D:5      | Paralysed by a giant eyeball for 3 turns
  3876 | D:5      | Reached XP level 7. HP: 38/60 MP: 10/12
  4298 | D:5      | Reached skill level 7 in Invocations
  4373 | D:5      | Reached skill level 5 in Armour
  4717 | D:6      | Noticed Eustachio
  4763 | D:6      | Acquired Elyvilon's third power
  4801 | D:6      | Killed Eustachio
  4801 | D:6      | Reached XP level 8. HP: 16/68 MP: 4/14
  4876 | D:6      | Reached skill level 5 in Axes
  4886 | D:6      | Reached skill level 8 in Invocations
  4994 | D:6      | Found a burning altar of Makhleb.
  5172 | D:6      | Found Zin's Purification Station.
  5173 | D:6      | Found a glowing silver altar of Zin.
  5181 | D:6      | Bought a potion of curing for 60 gold pieces
  5222 | D:6      | Found a shattered altar of Ashenzari.
  5647 | D:7      | Was placed under penance by Elyvilon
  5897 | D:8      | Was forgiven by Elyvilon
  6068 | D:8      | Identified the amulet "Pekkatilan" {rMut +Inv rElec Dam+6} (You found it on level 4 of the Dungeon)
  6188 | D:8      | Found a shimmering altar of Xom.
  6198 | D:8      | Was placed under penance by Elyvilon
  6198 | D:8      | Gained mutation: You passively map the area around you. [level up]
  6198 | D:8      | Reached XP level 9. HP: 66/74 MP: 15/15
  6247 | D:7      | Reached skill level 9 in Invocations
  6434 | D:8      | HP: 1/74 [worker ant (4)]
  6446 | D:8      | Shot with an arrow by a centaur

Action                   |  1- 3 |  4- 6 |  7- 9 || total
-------------------------+-------+-------+-------++-------
Melee: Club              |   145 |    96 |       ||   241
       Unarmed           |    18 |       |       ||    18
       Hand axe          |       |   188 |       ||   188
       War axe           |       |   117 |   385 ||   502
Invok: Lesser Healing    |    27 |    81 |    70 ||   178
       Lesser Self-Heali |     2 |    14 |    19 ||    35
       Divine Protection |       |       |     3 ||     3
       Greater Self-Heal |       |       |     1 ||     1
       Greater Healing   |       |       |     1 ||     1
 Abil: Device Recharging |       |     4 |     2 ||     6
Evoke: Wand              |     2 |    11 |     8 ||    21
  Use: Potion            |       |     2 |     8 ||    10
       Scroll            |       |     2 |     5 ||     7
